 Dungeon Crawl Stone Soup version 0.24.0-125-gc4c63601f3 (webtiles) character file.

Game seed: 2436698267385903355, levelgen mode: deterministic

184 hazymike the Ruffian (level 5, -2/45 HPs)
             Began as a Ghoul Skald on Feb 17, 2020.
             Was a Follower of Fedhas.
             Slain by a killer bee (5 damage)
             ... on level 3 of the Dungeon on Feb 18, 2020.
             The game lasted 00:18:06 (2860 turns).

hazymike the Ruffian (Ghoul Skald)                  Turns: 2860, Time: 00:18:06

Health: -2/45      AC:  7    Str: 16    XL:     5   Next: 63%
Magic:  7/7        EV: 10    Int:  8    God:    Fedhas [*.....]
Gold:   89         SH:  0    Dex:  8    Spells: 5/8 levels left

rFire    . . .     SeeInvis .     - Unarmed
rCold    + . .     Gourm    .   (no shield)
rNeg     + + +     Faith    .   r - +0 scale mail
rPois    ∞         Spirit   .   k - +0 helmet
rElec    .         Reflect  .   (no cloak)
rCorr    .         Harm     .   (no gloves)
MR       .....                  (no boots)
Stlth    ..........             (no amulet)
HPRegen  0.00/turn              (no ring)
MPRegen  0.10/turn              (no ring)

@: very slightly contaminated, rotting
A: rotting body, claws 1, carnivore, cold resistance 1, negative energy
resistance 3, inhibited regeneration, torment resistance, unbreathing
a: Renounce Religion


You were on level 3 of the Dungeon.
You worshipped Fedhas.
Fedhas was aware of your devotion.
You were hungry.

You visited 1 branch of the dungeon, and saw 3 of its levels.

You collected 89 gold pieces.

Inventory:

Missiles
 b - 140 stones
 d - a boomerang (quivered)
 m - 7 poisoned darts
Armour
 k - a +0 helmet (worn)
 r - a +0 scale mail (worn)
Jewellery
 n - a cursed ring of teleportation {unknown}
 o - a cursed amulet of inaccuracy {unknown}
Scrolls
 e - a scroll of remove curse
 f - a scroll of fog {unknown}
 g - a scroll of teleportation {unknown}
 i - a scroll of enchant weapon {unknown}
 p - 5 scrolls of identify {unknown}
 q - a scroll of magic mapping {unknown}
Potions
 a - a potion of agility {unknown}
 h - a potion of cancellation {unknown}
 j - 2 potions of might {unknown}
 l - 2 potions of haste {unknown}
Comestibles
 c - 8 rations


   Skills:
 + Level 3.1 Fighting
 + Level 1.7 Armour
 + Level 2.3 Dodging
 * Level 3.6 Unarmed Combat
 - Level 2.0 Spellcasting
 + Level 3.2 Charms
 + Level 1.1 Translocations
 + Level 1.2 Invocations


You had 5 spell levels left.
You knew the following spells:

 Your Spells              Type           Power        Failure   Level  Hunger
a - Infusion              Chrm           #...         34%         1    ##.....
b - Shroud of Golubria    Chrm/Tloc      #.....       63%         2    ###....

Your spell library contained the following spells:

 Spells                   Type           Power        Failure   Level  Hunger
 Song of Slaying          Chrm           #.......     45%         2    ###....
 Regeneration             Chrm/Necr      #.........   90%         3    ####...
 Spectral Weapon          Hex/Chrm       #.......     90%         3    ####...


Dungeon Overview and Level Annotations

Branches:
Dungeon (3/15)

Altars:
Fedhas
Ru


Innate Abilities, Weirdness & Mutations

Your body is rotting away.
You thrive on raw meat.
You are immune to poison.
You have sharp fingernails.
You are carnivorous and can eat meat at any time.
Your flesh is cold resistant. (rC+)
You are immune to negative energy. (rN+++)
You do not regenerate when monsters are visible.
You are immune to unholy pain and torment.
You can survive without breathing.


Message History

The killer bee closely misses you.
Found a ration.
The killer bee stings you.
The killer bee stings you but does no damage.
The killer bee stings you. The killer bee barely misses you.
The killer bee stings you but does no damage.
The killer bee barely misses you. The killer bee closely misses you.
The killer bee stings you. The killer bee closely misses you.
The killer bee barely misses you. The killer bee stings you. x2
The killer bee stings you. x2
* * * LOW HITPOINT WARNING * * *
There is a stone staircase leading up here.
As you read the scroll labeled UTUDGH RIAPNEU, it crumbles to dust.
You feel blessed for a moment.
It was a scroll of remove curse.
The killer bee stings you!
* * * LOW HITPOINT WARNING * * *
The killer bee stings you.
You die...
Fedhas appreciates your contribution to the ecosystem.

#.....## .. ...........##
#.#.#..## #.#.##.. .......##
#.#.##..# #.#.... .#...#
#.#..#..####.##..# ..##. #
#..........#.##..# #.##.####
#........#.#.#...### #.##.....
#.............^....###.###..#.
#............yy...............
#.##..###....@y........####...
#.###.>##.#..#.###..#...# #...
#.####.##..........###.%..#.#.
#..# #.#####........ #.##.#...
##.# #.#.............#........
#.# #.#.........#.......>....
#.# #.#.........#####........
#.###............# .......
##.................# .......


You could see 3 killer bees.

Vanquished Creatures
  A killer bee (D:3)
  Jessica (D:3)
  3 adders (D:2)
  An ooze (D:3)
  An adder zombie (D:3)
  A worm (D:3)
  A dart slug (D:2)
  5 leopard geckos
  10 bats
  2 giant cockroaches (D:1)
  5 goblins
  15 hobgoblins
  4 jackals
  2 ball pythons
  7 frilled lizards
  6 kobolds
  5 rats
70 creatures vanquished.

Notes
Turn   | Place    | Note
-------+----------+-------------------------------------------
     0 | D:1      | hazymike the Ghoul Skald began the quest for the Orb.
     0 | D:1      | Reached XP level 1. HP: 17/17 MP: 2/2
    67 | D:1      | Reached skill level 1 in Armour
   117 | D:1      | Reached XP level 2. HP: 24/24 MP: 3/3
   141 | D:1      | Learned a level 2 spell: Shroud of Golubria
   577 | D:1      | Reached XP level 3. HP: 30/30 MP: 4/4
  1219 | D:2      | Found a blossoming altar of Fedhas.
  1228 | D:2      | Became a worshipper of Fedhas Madash
  1525 | D:2      | Reached XP level 4. HP: 37/37 MP: 3/6
  1895 | D:3      | Noticed Jessica
  2140 | D:3      | Reached skill level 1 in Translocations
  2140 | D:3      | Reached skill level 1 in Invocations
  2140 | D:3      | Reached XP level 5. HP: 15/44 MP: 1/7
  2441 | D:3      | Killed Jessica
  2465 | D:3      | Reached * piety under Fedhas
  2805 | D:3      | Found a sacrificial altar of Ru.
  2860 | D:3      | Slain by a killer bee

Levels and vault maps discovered:
D:1:      psy_arrival_conway, layout_basic
D:2:      layout_basic, fedhas_ov_isle_minmay, first_ration, minivault_26
D:3:      layout_rooms, hangedman_ru_absence, uniq_jessica

Skill      XL: |  1  2  3  4  5 |
---------------+----------------+-----
Armour         | 1 |  1.7
Spellcasting   | 2 |  2.0
Dodging        | 2 |  2.3
Charms         | 3 |  3.2
Unarmed Combat | 3 |  3.6
Translocations | 1 |  1.1
Invocations    | 1 |  1.2
Fighting       | 3 |  3.1

Action                   |  1- 3 |  4- 6 || total
-------------------------+-------+-------++-------
Melee: Unarmed           |   112 |    99 ||   211
       Punch             |     1 |     2 ||     3
Throw: Boomerang         |    43 |    40 ||    83
 Cast: Infusion          |     5 |     1 ||     6
       Shroud of Golubri |     1 |     1 ||     2
  Use: Scroll            |       |     1 ||     1
  Eat: Chunk             |     4 |     3 ||     7
Armor: Leather armour    |    26 |       ||    26
       Ring mail         |    14 |     4 ||    18
       Scale mail        |       |    45 ||    45
Dodge: Dodged            |    58 |    57 ||   115
